[Event "Titled Tuesday Blitz June 13 Early 2023"]
[White "Mohammad Fahad, Rahman"]
[Black "Buchenau, Frank"]
[WhiteFideId "10207791"]
[BlackFideId "4604350"]
[WhiteElo "2339"]
[BlackElo "2157"]
[Result "1-0"]
[Round "2"]
[TimeControl "180+2"]
[Date "2023.06.13"]
[WhiteClock "0:01:31"]
[BlackClock "0:00:04"]
[Board "136"]

1. d4 e6 2. Nf3 Nf6 3. Bf4 d5 4. e3 c5 5. c3 Nc6 6. Nbd2 Bd6 7. Ne5 Qc7 8. Ndf3 O-O 9. Bd3 Ne4 10. Qc2 f5 11. O-O Bd7 12. Rad1 Rac8 13. Nxc6 Bxc6 14. Ne5 Qb6 15. Bxe4 fxe4 16. Nc4 dxc4 17. Bxd6 Ba4 18. Qxa4 Qxd6 19. Qxc4 Qd5 20. Qxd5 exd5 21. dxc5 Rxc5 22. Rd4 h5 23. Rfd1 Rf5 24. h3 Kf7 25. Rb4 b6 26. a4 Ke6 27. g3 g5 28. Kf1 h4 29. gxh4 gxh4 30. Ke2 Rf3 31. Rh1 Rc7 32. Rd4 Rg7 33. c4 Rg2 34. cxd5+ Ke5 35. Rf1 Rxh3 36. d6 Rg8 37. d7 Rd8 38. Rc1 Rf3 39. Rxe4+ Kxe4 40. Rc4+ Kd5 41. Rd4+ Ke6 42. Kxf3 Rxd7 43. Rxd7 Kxd7 44. Kg4 1-0


[Site "https://www.chess.com"]

[Event "Titled Tuesday Blitz June 13 Early 2023"]
[White "Garcia Cuenca, Victor"]
[Black "Sammed Jaykumar, Shete"]
[WhiteFideId "2250829"]
[BlackFideId "5073421"]
[WhiteElo "2329"]
[BlackElo "2296"]
[Result "0-1"]
[Round "2"]
[TimeControl "180+2"]
[Date "2023.06.13"]
[WhiteClock "0:00:14"]
[BlackClock "0:01:44"]
[Board "137"]

1. Nf3 d5 2. g3 g6 3. Bg2 Bg7 4. O-O Nf6 5. d4 O-O 6. c4 c6 7. cxd5 Nxd5 8. h3 Nd7 9. e4 N5b6 10. Nc3 e5 11. d5 cxd5 12. exd5 f5 13. Ng5 Nf6 14. Qb3 Qc7 15. Ne6 Bxe6 16. dxe6 Qe7 17. Be3 Rfe8 18. Bxb6 axb6 19. Qxb6 e4 20. Nb5 Ra6 21. Qc7 Rxe6 22. Qxe7 R8xe7 23. Rac1 Nd5 24. a3 Bxb2 25. Rcd1 Nc3 26. Nxc3 Bxc3 27. Rb1 Bd4 28. Rfd1 Bc5 29. Bf1 Kg7 30. a4 Rf6 31. Rd5 b6 32. Kg2 f4 33. gxf4 Rxf4 34. Rb2 Ref7 35. Rdd2 e3 36. fxe3 Rxf1 0-1


[Site "https://www.chess.com"]

[Event "Titled Tuesday Blitz June 13 Early 2023"]
[White "Korchmar, Vasiliy"]
[Black "Mazurkiewicz, Michal"]
[WhiteFideId "24131750"]
[BlackFideId "1124943"]
[WhiteElo "2370"]
[BlackElo "2063"]
[Result "1-0"]
[Round "2"]
[TimeControl "180+2"]
[Date "2023.06.13"]
[WhiteClock "0:01:25"]
[BlackClock "0:00:00"]
[Board "138"]

1. e4 d6 2. d4 Nf6 3. f3 e5 4. Ne2 Be7 5. Nbc3 O-O 6. Be3 c6 7. Qd2 b5 8. g4 a6 9. g5 Nfd7 10. h4 Nb6 11. b3 b4 12. Nd1 c5 13. d5 a5 14. h5 a4 15. Nf2 f5 16. exf5 Rxf5 17. g6 Rxf3 18. Bg2 Rxe3 19. gxh7+ Kh8 20. Qxe3 axb3 21. cxb3 c4 22. h6 g5 23. Ne4 Nxd5 24. Qd2 Bb7 25. bxc4 Nf6 26. Nxg5 Qd7 27. Nf7+ Kxh7 28. Qg5 Bf8 29. Bxb7 Qxb7 30. Qf5+ Kg8 31. h7+ Kxf7 32. h8=Q Nc6 33. Rh7+ Ke8 34. Rxb7 1-0


[Site "https://www.chess.com"]

[Event "Titled Tuesday Blitz June 13 Early 2023"]
[White "De Silva, L M S T"]
[Black "Ramirez Vido, Robert Yorisan"]
[WhiteFideId "9953698"]
[BlackFideId "3513823"]
[WhiteElo "2395"]
[BlackElo "2402"]
[Result "1-0"]
[Round "2"]
[TimeControl "180+2"]
[Date "2023.06.13"]
[WhiteClock "0:01:04"]
[BlackClock "0:00:00"]
[Board "139"]

1. c4 Nf6 2. Nc3 g6 3. g3 Bg7 4. Bg2 O-O 5. Nf3 d6 6. d4 Nbd7 7. O-O e5 8. dxe5 dxe5 9. Qc2 c6 10. Rd1 Qc7 11. b3 Re8 12. Ba3 Nf8 13. Bd6 Qb6 14. Bxe5 Bf5 15. Qb2 Ng4 16. Bd4 Bxd4 17. Nxd4 Ne6 18. Na4 Qa5 19. Nxf5 Qxf5 20. e4 Qh5 21. h3 Ne5 22. f4 Nf3+ 23. Kf2 Ned4 24. Re1 b5 25. cxb5 g5 26. Qc3 gxf4 27. Bxf3 Qxh3 28. Bg2 fxg3+ 29. Qxg3+ Qxg3+ 30. Kxg3 Nc2 31. bxc6 Nxa1 32. Rxa1 Rac8 33. Rc1 Re6 34. e5 Rxe5 35. Nc5 1-0


[Site "https://www.chess.com"]

[Event "Titled Tuesday Blitz June 13 Early 2023"]
[White "Tinmaz, Kerem"]
[Black "Silva, Caio Henrique Angelico"]
[WhiteFideId "44559151"]
[BlackFideId "22777210"]
[WhiteElo "2153"]
[BlackElo "2096"]
[Result "0-1"]
[Round "2"]
[TimeControl "180+2"]
[Date "2023.06.13"]
[WhiteClock "0:00:16"]
[BlackClock "0:00:17"]
[Board "140"]

1. e4 c6 2. Nf3 d5 3. d3 g6 4. e5 Bg7 5. d4 c5 6. c3 Nc6 7. Be3 Bg4 8. Be2 Nh6 9. h3 Bxf3 10. Bxf3 Nf5 11. O-O e6 12. Na3 O-O 13. Bg4 Nxe3 14. fxe3 a6 15. Qe2 Qe7 16. Nc2 b5 17. e4 dxe4 18. Qxe4 Rac8 19. d5 exd5 20. Qxd5 Rfd8 21. Qe4 Rc7 22. Rad1 Re8 23. Ne3 Bxe5 24. Kh1 Bg7 25. Qxe7 Rcxe7 26. Nd5 Ra7 27. Bd7 Rxd7 28. Nf6+ Bxf6 29. Rxd7 Re6 30. Rfd1 Kg7 31. R1d6 Re1+ 32. Kh2 Be5+ 33. g3 Bxd6 34. Rxd6 Re2+ 35. Kg1 Ne5 36. Rxa6 Rxb2 37. Rb6 Nc4 38. Rb7 Nd6 39. Rb6 Ne4 40. a4 Nxc3 41. a5 Ra2 42. a6 b4 43. Kf1 b3 44. Rxb3 Ne4 45. Rb7 Rxa6 46. g4 Rc6 47. Ke1 c4 48. Rb1 c3 49. Rc1 Ng5 50. Ke2 Nxh3 51. Kd3 Nf4+ 52. Ke4 Ne6 53. Kd3 Kf6 54. Rf1+ Kg5 55. Rg1 c2 56. Kd2 c1=Q+ 57. Rxc1 Rxc1 58. Kxc1 Kxg4 59. Kd2 Kg3 60. Kc3 Kg2 61. Kb4 h5 62. Kb5 h4 63. Kc6 h3 64. Kd7 Nc7 65. Kc8 g5 66. Kxc7 g4 67. Kd7 g3 68. Ke7 f5 69. Kf7 h2 70. Kg6 f4 71. Kf7 f3 72. Kf6 f2 73. Kg6 h1=Q 0-1


[Site "https://www.chess.com"]

[Event "Titled Tuesday Blitz June 13 Early 2023"]
[White "MaryanKyrychenko"]
[Black "Lopez Idarraga, Daniel Eduardo"]
[BlackFideId "4405501"]
[WhiteElo "2634"]
[BlackElo "1980"]
[Result "1-0"]
[Round "2"]
[TimeControl "180+2"]
[Date "2023.06.13"]
[WhiteClock "0:00:34"]
[BlackClock "0:00:16"]
[Board "141"]

1. e4 c5 2. Nc3 Nc6 3. f4 g6 4. Nf3 Bg7 5. Bb5 Nd4 6. O-O Nxb5 7. Nxb5 d5 8. e5 Bg4 9. h3 Bxf3 10. Qxf3 a6 11. Nc3 e6 12. a4 Ne7 13. d3 O-O 14. Qf2 Rc8 15. a5 Nf5 16. Bd2 Qh4 17. Qxh4 Nxh4 18. Na4 f6 19. Nb6 Rc7 20. exf6 Bxf6 21. c3 Nf5 22. Rae1 Ng7 23. g4 Bd8 24. g5 Rcf7 25. Na4 Bxa5 26. Nxc5 Bb6 27. d4 Bxc5 28. dxc5 Rc7 29. b4 Kf7 30. Be3 Ke8 31. Bd4 Rcf7 32. Bxg7 Rxg7 33. Rxe6+ Kd7 34. Rd6+ Kc7 35. Rxd5 Re7 36. Rfd1 Rxf4 37. Kg2 Re2+ 38. Kg3 Rfe4 39. R1d3 Re7 40. h4 Re1 41. R5d4 Rg1+ 42. Kf2 Rge1 43. Rd7+ Kc6 44. R3d6+ Kb5 45. Rxb7+ Kc4 46. Rxe7 Rxe7 47. Rxa6 Kxc3 48. c6 Kc4 49. Rb6 1-0


[Site "https://www.chess.com"]

[Event "Titled Tuesday Blitz June 13 Early 2023"]
[White "Jain Kashish Manoj"]
[Black "Rangel, Daniel"]
[WhiteFideId "35081098"]
[BlackFideId "2124475"]
[WhiteElo "2181"]
[BlackElo "2231"]
[Result "1-0"]
[Round "2"]
[TimeControl "180+2"]
[Date "2023.06.13"]
[WhiteClock "0:00:32"]
[BlackClock "0:01:31"]
[Board "142"]

1. e4 c5 2. Nf3 g6 3. d4 cxd4 4. Qxd4 Nf6 5. Bb5 Nc6 6. Bxc6 bxc6 7. e5 Nd5 8. O-O Bg7 9. c4 Nc7 10. Qh4 O-O 11. Nc3 d5 12. exd6 exd6 13. Bg5 f6 14. Bh6 Be6 15. Bxg7 Kxg7 16. Rad1 Bg8 17. Rfe1 d5 18. Nd4 Qd7 19. Qg3 c5 20. Re7+ Qxe7 21. Nf5+ Kf7 22. Nxe7 Kxe7 23. Qxc7+ Ke8 24. Re1+ Be6 25. Rxe6# 1-0


[Site "https://www.chess.com"]

[Event "Titled Tuesday Blitz June 13 Early 2023"]
[White "Luukkonen, Tommi"]
[Black "Asavasaetakul, Chawit"]
[WhiteFideId "501808"]
[BlackFideId "6204856"]
[WhiteElo "2296"]
[BlackElo "1919"]
[Result "0-1"]
[Round "2"]
[TimeControl "180+2"]
[Date "2023.06.13"]
[WhiteClock "0:00:00"]
[BlackClock "0:00:33"]
[Board "143"]

1. e4 d5 2. exd5 Nf6 3. Nf3 Nxd5 4. d4 Bf5 5. a3 e6 6. c4 Nf6 7. Nc3 Be7 8. Bd3 Bxd3 9. Qxd3 Nc6 10. O-O O-O 11. Rd1 Bd6 12. h3 h6 13. b4 Re8 14. Bb2 a6 15. Qe2 Nh5 16. Ne4 Nf4 17. Qe3 Ng6 18. g3 f5 19. Nc5 Bxc5 20. dxc5 Qe7 21. Re1 e5 22. h4 e4 23. Nd4 Nxd4 24. Bxd4 f4 25. Qc3 Qf7 26. h5 Nf8 27. gxf4 Qxh5 28. Qg3 Ng6 29. Re3 Re7 30. Rae1 Rae8 31. b5 axb5 32. cxb5 Nh4 33. Be5 Nf3+ 34. Rxf3 exf3 35. Re3 Rf7 36. a4 Re6 37. Qh2 Rg6+ 38. Kh1 Qf5 39. Re1 Rg2 40. Qh4 Kh7 41. Rg1 Rxg1+ 42. Kxg1 Rd7 0-1


[Site "https://www.chess.com"]

[Event "Titled Tuesday Blitz June 13 Early 2023"]
[White "Lenaerts, Lennert"]
[Black "Petrova, Irina"]
[WhiteFideId "211435"]
[BlackFideId "14124122"]
[WhiteElo "2334"]
[BlackElo "2084"]
[Result "0-1"]
[Round "2"]
[TimeControl "180+2"]
[Date "2023.06.13"]
[WhiteClock "0:02:42"]
[BlackClock "0:02:07"]
[Board "144"]

1. d4 d6 2. c4 e5 3. d5 Be7 4. Nc3 a5 5. Nf3 Nf6 6. e4 Na6 7. h3 Nc5 8. Qc2 h6 9. Be3 b6 10. Be2 O-O 11. Nd2 Nh7 12. g4 Bg5 13. Bxg5 Qxg5 14. O-O-O Qf4 15. Bf3 Ng5 16. Ne2 Qf6 17. Bg2 Qxf2 18. Bf1 Qe3 19. Kb1 Ngxe4 20. Nxe4 Qxe4 21. Qxe4 Nxe4 22. Rg1 f5 23. gxf5 Bxf5 24. Kc1 Nf2 0-1


[Site "https://www.chess.com"]

[Event "Titled Tuesday Blitz June 13 Early 2023"]
[White "Herzog2012"]
[Black "Schnaider, Ilan"]
[BlackFideId "169013"]
[WhiteElo "2396"]
[BlackElo "2224"]
[Result "0-1"]
[Round "2"]
[TimeControl "180+2"]
[Date "2023.06.13"]
[WhiteClock "0:00:02"]
[BlackClock "0:00:04"]
[Board "145"]

1. e4 c5 2. Nf3 d6 3. d4 cxd4 4. Nxd4 Nf6 5. Nc3 a6 6. Bg5 e6 7. f4 Be7 8. Qf3 Qc7 9. O-O-O Nbd7 10. g4 h6 11. Bxf6 Bxf6 12. h4 b5 13. g5 Bxd4 14. Rxd4 Qc5 15. Rd2 Nb6 16. f5 exf5 17. exf5 Bxf5 18. Nd5 Nxd5 19. Qxf5 Ne7 20. Qe4 d5 21. Qe5 hxg5 22. Qxg7 Rg8 23. Qe5 g4 24. Bg2 Rc8 25. h5 d4 26. Qe4 Kf8 27. h6 Rg6 28. Rxd4 Re6 29. Qd3 Nf5 30. Rd8+ Rxd8 31. Qxd8+ Re8 32. Qd3 Nd4 33. Kb1 Kg8 34. h7+ Kh8 35. c3 Qf5 36. Qxf5 Nxf5 37. Rf1 Ne3 38. Re1 f5 39. Bc6 Re6 40. Bd7 Re7 41. Bxf5 Nxf5 42. Rf1 Ne3 43. Rh1 g3 44. Kc1 g2 45. Rg1 Kxh7 46. Kd2 Kg6 47. Ke2 Kg5 48. Kf3 Kf5 49. Re1 Re4 50. Kf2 Ng4+ 0-1


[Site "https://www.chess.com"]

[Event "Titled Tuesday Blitz June 13 Early 2023"]
[White "Nikologorsky, Matfei"]
[Black "Ingebretsen, Jens E"]
[WhiteFideId "24102474"]
[BlackFideId "1522965"]
[WhiteElo "2153"]
[BlackElo "2213"]
[Result "0-1"]
[Round "2"]
[TimeControl "180+2"]
[Date "2023.06.13"]
[WhiteClock "0:00:34"]
[BlackClock "0:01:36"]
[Board "146"]

1. e4 c5 2. Nf3 d6 3. d4 cxd4 4. Nxd4 Nf6 5. Nc3 e6 6. Be2 Nc6 7. Be3 Be7 8. O-O O-O 9. f4 e5 10. Nf5 Bxf5 11. exf5 e4 12. g4 d5 13. Nb5 d4 14. Nxd4 Bc5 15. c3 Nd5 16. Bc1 Nxc3 17. bxc3 Nxd4 18. Kg2 Nxe2 19. Qxe2 Qd3 20. Qxd3 exd3 21. Rd1 Rad8 22. Bd2 Bb6 23. Rab1 Rfe8 24. Re1 Re2+ 0-1


[Site "https://www.chess.com"]

[Event "Titled Tuesday Blitz June 13 Early 2023"]
[White "Ezat, Mohamed"]
[Black "Gracia Alvarez, Gerardo Antonio"]
[WhiteFideId "10600906"]
[BlackFideId "5109124"]
[WhiteElo "2372"]
[BlackElo "2160"]
[Result "0-1"]
[Round "2"]
[TimeControl "180+2"]
[Date "2023.06.13"]
[WhiteClock "0:00:27"]
[BlackClock "0:00:16"]
[Board "147"]

1. d4 Nf6 2. Nc3 d5 3. Bg5 g6 4. Bxf6 exf6 5. e3 c6 6. a3 Bd6 7. h4 h5 8. Bd3 Nd7 9. g3 f5 10. Nf3 Nf6 11. Ng5 Qe7 12. Qe2 a5 13. Kf1 Ne4 14. Bxe4 fxe4 15. Kg2 f6 16. Nh3 Bg4 17. Qd2 Bf3+ 18. Kh2 g5 19. Ne2 Kf7 20. Nhg1 Bxh1 21. Kxh1 gxh4 22. Nh3 hxg3 23. Nxg3 Qe6 24. Ng1 Rag8 25. Rf1 h4 26. N3e2 Qg4 27. Nf4 Bxf4 28. f3 Bxe3 29. Qe2 exf3 30. Nxf3 Qh3+ 31. Nh2 Rg3 32. c4 Rhg8 33. Qh5+ Ke7 34. Qh7+ R8g7 35. Qc2 Rg1+ 36. Rxg1 Rxg1# 0-1


[Site "https://www.chess.com"]

[Event "Titled Tuesday Blitz June 13 Early 2023"]
[White "San Thit Lwin"]
[Black "robertoalejandro10"]
[WhiteFideId "13001272"]
[WhiteElo "2232"]
[BlackElo "2587"]
[Result "0-1"]
[Round "2"]
[TimeControl "180+2"]
[Date "2023.06.13"]
[WhiteClock "0:00:00"]
[BlackClock "0:00:44"]
[Board "148"]

1. Nf3 Nf6 2. c4 c5 3. Nc3 g6 4. d4 cxd4 5. Nxd4 Nc6 6. e4 Bg7 7. Be3 Ng4 8. Qxg4 Nxd4 9. Qd1 Ne6 10. Qd2 Qa5 11. Be2 Bxc3 12. bxc3 b6 13. O-O Bb7 14. f3 Rc8 15. Rfd1 d6 16. Rab1 Ba6 17. f4 Bxc4 18. e5 Bxe2 19. exd6 exd6 20. Qxe2 O-O 21. Rxd6 Qxc3 22. f5 Ng7 23. Bd4 Qc2 24. Qxc2 Rxc2 25. Bxg7 Kxg7 26. f6+ Kh6 27. Rb3 g5 28. Ra3 Re8 29. h4 gxh4 30. Rxa7 Ree2 31. Rxf7 Rxg2+ 32. Kh1 Rh2+ 33. Kg1 Rcg2+ 34. Kf1 Rxa2 35. Rg7 Ra1+ 0-1


[Site "https://www.chess.com"]

[Event "Titled Tuesday Blitz June 13 Early 2023"]
[White "Dixit, Nikhil"]
[Black "Itkis, Boris"]
[WhiteFideId "5059534"]
[BlackFideId "1209167"]
[WhiteElo "2207"]
[BlackElo "2219"]
[Result "1-0"]
[Round "2"]
[TimeControl "180+2"]
[Date "2023.06.13"]
[WhiteClock "0:01:08"]
[BlackClock "0:00:40"]
[Board "149"]

1. e4 e6 2. d4 d5 3. e5 c5 4. c3 Nc6 5. Nf3 Qb6 6. Bd3 cxd4 7. O-O Bd7 8. Nbd2 dxc3 9. bxc3 Nge7 10. Nb3 Ng6 11. Re1 a6 12. h4 Qc7 13. Qe2 f6 14. exf6 gxf6 15. Nbd4 Nge5 16. Nxe5 Nxe5 17. Qh5+ Kd8 18. Bf4 Bd6 19. Rad1 Nxd3 20. Bxd6 Qxd6 21. Rxd3 Rc8 22. Qf7 e5 23. Nf5 Qe6 24. Qxe6 Bxe6 25. Ne3 Rc5 26. Red1 Kc8 27. Nxd5 Bxd5 28. Rxd5 Rxc3 29. Rd6 Rf8 30. Rd7 Rc7 31. R7d6 Kb8 32. g3 Rfc8 33. Rxf6 Rc2 34. Rd7 R8c6 35. Rxc6 Rxc6 36. Rxh7 Rc2 37. h5 Rxa2 38. h6 Ka7 39. Rg7 1-0


[Site "https://www.chess.com"]

[Event "Titled Tuesday Blitz June 13 Early 2023"]
[White "Fajdetic, Hrvoje"]
[Black "Bayo Milagro, Alvaro"]
[WhiteFideId "14501945"]
[BlackFideId "22275240"]
[WhiteElo "2185"]
[BlackElo "2270"]
[Result "1-0"]
[Round "2"]
[TimeControl "180+2"]
[Date "2023.06.13"]
[WhiteClock "0:00:10"]
[BlackClock "0:00:40"]
[Board "150"]

1. f4 Nf6 2. d3 d5 3. e3 g6 4. Nf3 Bg7 5. Be2 O-O 6. O-O c5 7. Qe1 Nc6 8. Ne5 Nxe5 9. fxe5 Nd7 10. d4 f6 11. exf6 Bxf6 12. c3 e5 13. Bf3 e4 14. Be2 Kg7 15. Na3 a6 16. Nc2 c4 17. b3 b5 18. a4 Nb6 19. axb5 axb5 20. Rxa8 Nxa8 21. bxc4 bxc4 22. Nb4 Nb6 23. Ba3 Rf7 24. Nc6 Qe8 25. Ne5 Bxe5 26. dxe5 Be6 27. Rxf7+ Qxf7 28. Qh4 Nd7 29. Qd8 h5 30. Bd6 h4 31. Qxh4 Qe8 32. Qg5 Qa8 33. h4 Qa1+ 34. Kh2 Qe1 35. Bh5 Bf5 36. Bxg6 Bxg6 37. h5 Nf8 38. Bxf8+ Kxf8 39. Qf6+ Ke8 40. Qxg6+ Kd8 41. Qd6+ Ke8 42. Qe6+ Kd8 43. Qf6+ Ke8 44. e6 1-0


[Site "https://www.chess.com"]

[Event "Titled Tuesday Blitz June 13 Early 2023"]
[White "Moksh Amit Doshi"]
[Black "Rodriguez, Santiago"]
[WhiteFideId "25064967"]
[BlackFideId "3000591"]
[WhiteElo "2297"]
[BlackElo "2249"]
[Result "1-0"]
[Round "2"]
[TimeControl "180+2"]
[Date "2023.06.13"]
[WhiteClock "0:00:21"]
[BlackClock "0:00:06"]
[Board "151"]

1. d4 Nf6 2. c4 e6 3. g3 d5 4. Bg2 Be7 5. Nf3 O-O 6. O-O dxc4 7. Qc2 b6 8. Bg5 Nbd7 9. Ne5 Nxe5 10. Bxf6 gxf6 11. Bxa8 Qxd4 12. Nc3 c6 13. Rad1 Qg4 14. f4 Bc5+ 15. Kg2 Ng6 16. Ne4 Be7 17. Bxc6 e5 18. e3 Bf5 19. Qxc4 Rc8 20. Nf2 Qh5 21. Rc1 Bc5 22. Bf3 Qh6 23. Qe2 Re8 24. Bg4 Bxg4 25. Nxg4 Qg7 26. fxe5 Rxe5 27. Nxe5 fxe5 28. Rcd1 Qh6 29. Qf3 Qf8 30. Rd7 Be7 31. h4 Qe8 32. Rxa7 Bxh4 33. Qxf7+ Qxf7 34. Rfxf7 1-0


[Site "https://www.chess.com"]

[Event "Titled Tuesday Blitz June 13 Early 2023"]
[White "Bodnaruk, Anastasia"]
[Black "Koridze, Lile"]
[WhiteFideId "4181751"]
[BlackFideId "13612514"]
[WhiteElo "2304"]
[BlackElo "2047"]
[Result "0-1"]
[Round "2"]
[TimeControl "180+2"]
[Date "2023.06.13"]
[WhiteClock "0:00:03"]
[BlackClock "0:00:04"]
[Board "152"]

1. e4 c5 2. Nc3 d6 3. Nge2 Nf6 4. d4 cxd4 5. Nxd4 a6 6. Nb3 e6 7. a4 Qc7 8. Be2 b6 9. Be3 Bb7 10. f3 Nbd7 11. g4 Nc5 12. g5 Nfd7 13. h4 Rc8 14. h5 Be7 15. Rg1 Ne5 16. f4 Nc6 17. g6 Bh4+ 18. Kf1 hxg6 19. hxg6 Nb4 20. Bf3 Bf6 21. Nd4 Rh2 22. Bh5 Nxe4 23. gxf7+ Ke7 24. Be2 Nxc3 25. bxc3 Qxc3 26. Bf2 Rxf2+ 27. Kxf2 Bxd4+ 28. Kf1 Qh3+ 29. Ke1 Bc3+ 30. Kf2 Qh2+ 31. Ke3 Nd5+ 32. Kd3 Nxf4+ 33. Ke3 Ng2+ 34. Rxg2 Qxg2 35. Rb1 Qg5+ 36. Kd3 Qf5+ 37. Ke3 Qe4+ 38. Kf2 Bd4+ 39. Ke1 Be3 40. Qd3 Qh4+ 41. Kd1 Qh1+ 42. Bf1 Bf3+ 43. Ke1 Qh4# 0-1


[Site "https://www.chess.com"]

[Event "Titled Tuesday Blitz June 13 Early 2023"]
[White "Tarasova, Viktoriya"]
[Black "Camilla_Lee"]
[WhiteFideId "4175840"]
[WhiteElo "2182"]
[BlackElo "2560"]
[Result "0-1"]
[Round "2"]
[TimeControl "180+2"]
[Date "2023.06.13"]
[WhiteClock "0:01:28"]
[BlackClock "0:01:18"]
[Board "153"]

1. d4 Nf6 2. c4 g6 3. Nc3 d5 4. cxd5 Nxd5 5. g3 Bg7 6. Bg2 Nxc3 7. bxc3 c5 8. e3 O-O 9. Ne2 cxd4 10. cxd4 e5 11. d5 e4 12. Rb1 Re8 13. O-O Qa5 14. Qb3 Nd7 15. Rd1 Nc5 16. Qb5 Qxb5 17. Rxb5 b6 18. h3 Ba6 19. a4 Nxa4 20. Rb4 Bxe2 21. Re1 Bc3 0-1


[Site "https://www.chess.com"]

[Event "Titled Tuesday Blitz June 13 Early 2023"]
[White "Prem, Pranav"]
[Black "Lacasa Diaz, Jose Antonio"]
[WhiteFideId "30901057"]
[BlackFideId "2203375"]
[WhiteElo "1970"]
[BlackElo "2338"]
[Result "1-0"]
[Round "2"]
[TimeControl "180+2"]
[Date "2023.06.13"]
[WhiteClock "0:00:19"]
[BlackClock "0:00:33"]
[Board "154"]

1. d4 Nf6 2. c4 c5 3. d5 g6 4. Nc3 Bg7 5. Nf3 O-O 6. e4 d6 7. Nd2 e6 8. Be2 exd5 9. cxd5 b6 10. O-O Ba6 11. Re1 Re8 12. Bxa6 Nxa6 13. Nc4 Nc7 14. a4 Rb8 15. Bf4 Bf8 16. e5 Nh5 17. Bg3 Nxg3 18. hxg3 dxe5 19. Nxe5 Qf6 20. Nd7 Qd4 21. Nxb8 Rxb8 22. Qxd4 cxd4 23. Ne2 Nxd5 24. Nxd4 Bc5 25. Rad1 Nb4 26. Nf3 Kg7 27. Rd7 a5 28. Ng5 1-0


[Site "https://www.chess.com"]

[Event "Titled Tuesday Blitz June 13 Early 2023"]
[White "Xie, Bryan"]
[Black "Budrewicz, Krzysztof"]
[WhiteFideId "30941296"]
[BlackFideId "1127950"]
[WhiteElo "2033"]
[BlackElo "2230"]
[Result "0-1"]
[Round "2"]
[TimeControl "180+2"]
[Date "2023.06.13"]
[WhiteClock "0:01:08"]
[BlackClock "0:02:35"]
[Board "155"]

1. e4 d5 2. exd5 Nf6 3. d4 Nxd5 4. c4 Nb6 5. Nf3 g6 6. Nc3 Bg7 7. Be3 O-O 8. h3 Nc6 9. Be2 e5 10. d5 Ne7 11. O-O Nf5 12. Bc5 Re8 13. Nd2 Nd7 14. Be3 Nxe3 15. fxe3 Bh6 16. e4 Qg5 17. Bg4 Qxd2 18. Qf3 Qe3+ 19. Qxe3 Bxe3+ 20. Kh1 Nc5 21. Be2 a5 22. Nb5 Re7 23. d6 cxd6 24. Nxd6 Bd7 25. Rad1 Bc6 26. Rf6 Nxe4 27. Nxe4 Bxe4 28. Rfd6 Bd4 29. b3 Kg7 0-1


[Site "https://www.chess.com"]

[Event "Titled Tuesday Blitz June 13 Early 2023"]
[White "Mouhamad, Joachim"]
[Black "Hossain, Enamul"]
[WhiteFideId "656410"]
[BlackFideId "10200649"]
[WhiteElo "2125"]
[BlackElo "2433"]
[Result "1-0"]
[Round "2"]
[TimeControl "180+2"]
[Date "2023.06.13"]
[WhiteClock "0:00:16"]
[BlackClock "0:00:25"]
[Board "156"]

1. e4 c5 2. Nf3 Nc6 3. d4 cxd4 4. Nxd4 Nf6 5. Nc3 e5 6. Ndb5 d6 7. Bg5 a6 8. Na3 b5 9. Nd5 Be7 10. Bxf6 Bxf6 11. c3 Rb8 12. Nc2 Bg5 13. Be2 O-O 14. O-O Be6 15. Qd3 a5 16. Rad1 Ne7 17. Nxe7+ Bxe7 18. a3 Qd7 19. Ne3 Rfc8 20. Nd5 Bd8 21. b4 Bxd5 22. exd5 f5 23. Rc1 Bg5 24. Rb1 e4 25. Qh3 axb4 26. Rxb4 Bd2 27. Rb3 Qf7 28. c4 bxc4 29. Rxb8 Rxb8 30. Bxc4 Qf6 31. a4 g6 32. Qa3 Ba5 33. Bb5 Qe5 34. Rc1 Bd2 35. Rd1 e3 36. fxe3 Bxe3+ 37. Kh1 Bc5 38. Qa1 Qe3 39. h3 f4 40. Bd7 f3 41. Be6+ Kf8 42. Qf6+ 1-0


[Site "https://www.chess.com"]

[Event "Titled Tuesday Blitz June 13 Early 2023"]
[White "Melikhov, Evgeny V."]
[Black "Golubev, Mikhail"]
[WhiteFideId "4122046"]
[BlackFideId "14100983"]
[WhiteElo "2158"]
[BlackElo "2374"]
[Result "1/2-1/2"]
[Round "2"]
[TimeControl "180+2"]
[Date "2023.06.13"]
[WhiteClock "0:00:36"]
[BlackClock "0:00:15"]
[Board "157"]

1. d4 Nf6 2. c4 g6 3. Nc3 Bg7 4. e4 d6 5. f3 O-O 6. Be3 a6 7. Nge2 b5 8. Ng3 c6 9. Qd2 Nbd7 10. Bh6 Bxh6 11. Qxh6 e5 12. d5 cxd5 13. cxd5 b4 14. Na4 Qa5 15. b3 Nc5 16. Nxc5 Qxc5 17. Rc1 Qd4 18. Qd2 Qxd2+ 19. Kxd2 Bd7 20. Be2 Rfc8 21. Rxc8+ Rxc8 22. Rc1 Rxc1 23. Kxc1 a5 24. Nf1 Ne8 25. Ne3 Nc7 26. Kb2 Kf8 27. a3 bxa3+ 28. Kxa3 Ke7 29. g4 h6 30. h4 Kd8 31. b4 axb4+ 32. Kxb4 Ke7 33. Kc3 g5 34. h5 1/2-1/2


[Site "https://www.chess.com"]

[Event "Titled Tuesday Blitz June 13 Early 2023"]
[White "Zavgorodniy, Sergiy"]
[Black "Goswami, Vedant"]
[WhiteFideId "14110148"]
[BlackFideId "5003725"]
[WhiteElo "2402"]
[BlackElo "2011"]
[Result "1-0"]
[Round "2"]
[TimeControl "180+2"]
[Date "2023.06.13"]
[WhiteClock "0:01:24"]
[BlackClock "0:00:00"]
[Board "158"]

1. d4 Nf6 2. c4 e6 3. Nf3 Bb4+ 4. Nbd2 b6 5. g3 Bb7 6. Bg2 O-O 7. O-O Bxd2 8. Qxd2 d6 9. b3 Nbd7 10. Bb2 Qe7 11. Rac1 Rfe8 12. Rfd1 Be4 13. Ne1 Bxg2 14. Nxg2 c6 15. Nf4 Rac8 16. h4 Ne4 17. Qc2 d5 18. Kg2 h6 19. f3 Nd6 20. Nd3 Nf5 21. Qd2 c5 22. dxc5 bxc5 23. cxd5 exd5 24. Re1 Ne3+ 25. Kf2 d4 26. Nf4 Nf6 27. b4 Nfg4+ 28. fxg4 Nxg4+ 29. Kg2 Qe4+ 30. Kg1 Ne3 31. Rxc5 Rcd8 32. Qd3 Qe7 33. Bxd4 Nd5 34. Rxd5 1-0


[Site "https://www.chess.com"]

[Event "Titled Tuesday Blitz June 13 Early 2023"]
[White "FREDERICKtheMATE"]
[Black "Safin, Robert"]
[BlackFideId "34189120"]
[WhiteElo "2370"]
[BlackElo "2341"]
[Result "0-1"]
[Round "2"]
[TimeControl "180+2"]
[Date "2023.06.13"]
[WhiteClock "0:01:30"]
[BlackClock "0:00:09"]
[Board "159"]

1. Nf3 d5 2. g3 c6 3. Bg2 Bf5 4. O-O Nd7 5. b3 e6 6. Bb2 Ngf6 7. d3 Be7 8. Nbd2 h6 9. h3 O-O 10. Re1 a5 11. a3 Bh7 12. e4 Qb6 13. e5 Ne8 14. d4 Nc7 15. c3 c5 16. Qe2 Qa6 17. Qxa6 Nxa6 18. Bf1 Rfc8 19. Bb5 Nb6 20. Rac1 Nc7 21. Bf1 Nd7 22. a4 cxd4 23. cxd4 Bb4 24. Bc3 Ba3 25. Ra1 Be7 26. Rec1 Nb8 27. Bb5 Nxb5 28. axb5 b6 29. Ne1 Nd7 30. f4 Rc7 31. Kf2 Rac8 32. Bb2 Bb4 33. Rxc7 Rxc7 34. Rc1 Rxc1 35. Bxc1 Bc3 36. Ke3 f6 37. Nd3 Kf7 38. Bb2 Bxd3 39. Bxc3 Bxb5 40. b4 a4 41. Nb1 Bc4 42. Na3 b5 43. g4 fxe5 44. fxe5 g5 45. Kf3 Nb6 46. Kg3 Be2 47. h4 gxh4+ 48. Kxh4 Kg6 49. Bd2 Nc4 50. Bc1 Nxa3 51. Bxa3 h5 52. gxh5+ Bxh5 53. Kg3 Kf5 54. Kf2 Ke4 55. Ke1 Kxd4 56. Bb2+ Kc4 57. Kd2 Kxb4 58. Kc2 Bg6+ 59. Kc1 Kb3 60. Bd4 b4 61. Kd1 Ka2 62. Kd2 b3 63. Kc1 a3 64. Bc3 b2+ 65. Bxb2 axb2+ 66. Kd2 b1=Q 67. Kc3 Qd3+ 68. Kb4 Qc4+ 69. Ka5 d4 70. Kb6 d3 71. Kb7 d2 0-1


[Site "https://www.chess.com"]